 Dungeon Crawl Stone Soup version 0.25-a0-504-g768f60da87 (webtiles) character file.

Game seed: 6338133268825298314, levelgen mode: deterministic

4 Forecaster the Caller (level 1, 0/7 HPs)
             Began as a Felid Summoner on Feb 14, 2020.
             Slain by a quokka (4 damage)
             ... on level 2 of the Dungeon.
             The game lasted 00:04:49 (588 turns).

Forecaster the Caller (Felid Summoner)               Turns: 588, Time: 00:04:49

Health: 0/7        AC:  1    Str:  4    XL:     1   Next: 50%
Magic:  4/4        EV: 18    Int: 16    God:
Gold:   12         SH:  0    Dex: 16    Spells: 3/4 levels left
                                        Lives:  0   Deaths: 0

rFire    . . .     SeeInvis +   (weapon unavailable)
rCold    . . .     Gourm    .   (shield unavailable)
rNeg     . . .     Faith    .   (armour unavailable)
rPois    .         Spirit   .   (helmet unavailable)
rElec    .         Reflect  .   (cloak unavailable)
rCorr    .         Harm     .   (gloves unavailable)
MR       .....                  (boots unavailable)
Stlth    +++.......             (no amulet)
HPRegen  0.02/turn              (no ring)
MPRegen  0.09/turn              (no ring)

@: quick
A: very small, no armour, no weapons or thrown items, stealth, claws 1, fangs 3,
see invisible, carnivore, speed 1, shaggy fur 1, slow metabolism 1, sharp paws
a: no special abilities


You were on level 2 of the Dungeon.
You were not hungry.

You visited 1 branch of the dungeon, and saw 2 of its levels.

You collected 12 gold pieces.

Inventory:

Hand Weapons
 c - a +0 whip
 k - a +0 hunting sling
Missiles
 d - 17 stones
Armour
 l - a +0 centaur barding
Scrolls
 e - a scroll of remove curse {unknown}
 g - a scroll of identify {unknown}
 h - a scroll of teleportation {unknown}
 m - a scroll of magic mapping {unknown}
Potions
 a - a potion of lignification {unknown}
 f - a potion of heal wounds {unknown}
 j - a potion of invisibility {unknown}
Comestibles
 b - 2 rations
 i - 3 chunks of flesh


   Skills:
 + Level 2.6 Dodging
 + Level 2.6 Stealth
 + Level 2.0 Spellcasting
 + Level 4.2 Summonings


You had 3 spell levels left.
You knew the following spells:

 Your Spells              Type           Power        Failure   Level  Hunger
a - Summon Small Mammal   Summ           ###.         3%          1    #......

Your spell library contained the following spells:

 Spells                   Type           Power        Failure   Level  Hunger
 Call Imp                 Summ           ###.....     5%          2    ###....
 Call Canine Familiar     Summ           ###.....     11%         3    ###....
 Summon Guardian Golem    Hex/Summ       #.......     26%         3    ###....
 Summon Ice Beast         Ice/Summ       #.......     65%         4    #####..
 Summon Lightning Spire   Summ/Air       #.......     65%         4    #####..


Dungeon Overview and Level Annotations

Branches:
Dungeon (2/15)

Altars:


Innate Abilities, Weirdness & Mutations

You cannot wear armour.
You are incapable of wielding weapons or throwing items.
Your paws allow you to move quietly. (Stealth)
You have sharp claws.
You have razor-sharp teeth.
You have supernaturally acute eyesight. (SInv)
You are carnivorous and can eat meat at any time.
You cover ground quickly.
You are covered in fur. (AC +1)
You have a slow metabolism.
Your sharp claws are effective at attacking unaware monsters.


Message History

Your bat barely misses the quokka.
The quokka completely misses you. x2
You scratch the quokka.
The quokka is moderately wounded.
Your bat closely misses the quokka.
Your bat hits the quokka but does no damage.
The quokka bites you.
You barely miss the quokka.
The quokka is moderately wounded.
Your bat closely misses the quokka.
Your bat hits the quokka.
Your bat barely misses the quokka.
The quokka barely misses you.
Your bat closely misses the quokka.
Your bat barely misses the quokka.
Your bat closely misses the quokka.
You barely miss the quokka.
The quokka is heavily wounded.
Your bat hits the quokka. The quokka closely misses you.
You closely miss the quokka.
The quokka is heavily wounded.
Your bat hits the quokka. The quokka bites you.
Ouch! That really hurt!
You die...

#.# #.# #.# #r# #.# #.#
####.######.####..
#.........r......#
###.##...####.......
#####...............####
#..........#..#####.#
.#@####..#####.#
#rb............
#.####..####.... #.#
#..# .# #.. #..# #..#
#..# #..# #..# ..[. ...#
>... ###


You could see a quokka and a friendly bat.

Vanquished Creatures
  A giant cockroach (D:1)
1 creature vanquished.

Vanquished Creatures (collateral kills)
  A hobgoblin (D:1)
  A kobold (D:1)
  A rat (D:2)
3 creatures vanquished.

Grand Total: 4 creatures vanquished

Notes
Turn   | Place    | Note
-------+----------+-------------------------------------------
     0 | D:1      | Forecaster the Felid Summoner began the quest for the Orb.
     0 | D:1      | Reached XP level 1. HP: 7/7 MP: 4/4
   588 | D:2      | Slain by a quokka

Levels and vault maps discovered:
D:1:      roderic_octagonal_star, layout_loops_ring,
          minmay_misc_feat_secret_circle, hex_medium
D:2:      layout_loops_ring

Action                   || total
-------------------------++-------
Melee: Unarmed           ||    14
       Bite              ||     1
 Cast: Summon Small Mamm ||     9
 Stab: Sleeping          ||     1
Dodge: Dodged            ||    15

Table legend:
 A = Non-vault XP
 B = Vault XP
 C = Vault XP percentage of total XP
 D = Non-vault monster count
 E = Vault monster count
 F = Vault count percentage of total count
                 A         B        C        D         E       F
            +---------+---------+-------+---------+---------+-------
      Total |       6 |       0 |   0.0 |       4 |       0 |   0.0
            +---------+---------+-------+---------+---------+-------
        D:1 |       5 |       0 |   0.0 |       3 |       0 |   0.0
        D:2 |       1 |       0 |   0.0 |       1 |       0 |   0.0
            +---------+---------+-------+---------+---------+-------
